 Dungeon Crawl Stone Soup version 0.15-a0-717-ga3c592f (webtiles) character file.

198 PolkaDot the Sneak (level 5, 0/38 HPs)
             Began as a Vampire Assassin on May 10, 2014.
             Slain by an orc
             ... wielding a +0,+0 whip
              (3 damage)
             ... on Level 3 of the Dungeon.
             The game lasted 00:04:59 (2038 turns).

PolkaDot the Sneak (Vampire Assassin)               Turns: 2038, Time: 00:04:59

HP   0/38        AC  3     Str 10      XL: 5   Next: 47%
MP   5/5         EV 12     Int 13      God:
Gold 93          SH  0     Dex 16      Spells:  0 memorised,  4 levels left

rFire  . . .     SeeInvis +     s - +1,+2 dagger (flame)
rCold  . . .     Clarity  .     c - +0 robe
rNeg   + + +     Conserve .     (no shield)
rPois  .         rCorr    .     (no helmet)
rElec  .         rRot     .     d - +0 cloak
SustAb . .       Spirit   .     (no gloves)
rMut   .         Warding  .     (no boots)
Gourm  .         Stasis   .     (no amulet)
MR     .....                    k - ring of positive energy
                                h - ring of positive energy

@: about to teleport, not resistant to hostile enchantments, stealthy
A: fangs 3, see invisible, unbreathing
a: Bat Form


You were on level 3 of the Dungeon.
You were not thirsty.

You visited 1 branch of the dungeon, and saw 3 of its levels.

You collected 93 gold pieces.

Inventory:

Hand weapons
 b - a +0 blowgun
 s - a +1,+2 dagger of flaming (weapon)
Missiles
 e - 8 poisoned needles
 f - 2 curare-tipped needles
Armour
 c - a +0 robe (worn)
 d - a +0 cloak (worn)
Scrolls
 a - a scroll of fear {unknown}
 l - 6 scrolls of remove curse
 n - a scroll of teleportation
Jewellery
 h - a ring of positive energy (left hand)
 k - a ring of positive energy (right hand)
Potions
 i - a potion of flight {unknown}
 j - a potion of degeneration {unknown}
 m - a potion of heal wounds {unknown}
 o - a potion of might {unknown}
 p - a potion of agility {unknown}
 q - 2 potions of haste {unknown}
 r - a potion of restore abilities {unknown}


   Skills:
 - Level 1.7 Fighting
 * Level 5.6 Short Blades
 - Level 1.5 Throwing
 - Level 1.1 Dodging
 + Level 7.2 Stealth


You had 4 spell levels left.
You didn't know any spells.

Dungeon Overview and Level Annotations

Branches:
Dungeon (3/15)

Altars:


Innate Abilities, Weirdness & Mutations

You have razor-sharp teeth.*
You have supernaturally acute eyesight.
You can survive without breathing.*


Message History

You hit the orc. You burn the orc. Your bite misses the orc.
The orc is moderately wounded.
The orc hits you with a whip.
* * * LOW HITPOINT WARNING * * *
You hit the orc. You burn the orc.
The orc is severely wounded.
You closely miss the orc.
The orc is severely wounded.
The orc misses you.
You hit the orc. You burn the orc.
You kill the orc!
Read which item? (? for menu, Esc to quit)
As you read the scroll labeled WIVEDITTIO, it crumbles to dust.
You feel blessed for a moment.
It was a scroll of remove curse.
The orc hits you but does no damage.
Read which item? (? for menu, Esc to quit)
As you read the scroll labeled CUSSOI CHASTO, it crumbles to dust.
You feel strangely unstable.
It was a scroll of teleportation.
The orc hits you with a whip.
You die...

......# #.##.....# #.#.....#.#
......# #.##.%...# #.#####.#.#
......####.##.....#####...#...#.#
...........##.....##....#.#.###.#
......#######.....##.##.#.......#
.###### #...%....########.### ..#
#.....#### #.# #.# ###.#### #.#
#.# #.@ol# #.# #.## ####S# ..#
#..# o.# +## ##.# ..+ #.# ..#
##.### ..# .....###### S.#
##.......... ..# ##.####### . .


You could see an adder, an orc and a giant gecko.

Vanquished Creatures
  An orc priest (D:3)
  An orc wizard (D:3)
  Jessica (D:3)
  6 adders
  A worm (D:2)
  2 giant geckos
  An ooze (D:3)
  7 orcs (D:3)
  7 bats
  A giant cockroach (D:2)
  9 goblins
  4 hobgoblins
  5 kobolds
  A ball python (D:1)
  3 giant newts
  A hobgoblin skeleton (D:3)
  8 rats
59 creatures vanquished.

Notes
Turn   | Place    | Note
--------------------------------------------------------------
     0 | D:1      | PolkaDot, the Vampire Assassin, began the quest for the Orb.
     0 | D:1      | Reached XP level 1. HP: 16/16 MP: 1/1
    47 | D:1      | Reached skill level 6 in Stealth
   109 | D:1      | Reached XP level 2. HP: 22/22 MP: 2/2
   732 | D:2      | Reached XP level 3. HP: 27/27 MP: 3/3
  1572 | D:3      | Noticed Jessica
  1602 | D:3      | Reached XP level 4. HP: 30/33 MP: 4/4
  1621 | D:3      | Killed Jessica
  1850 | D:3      | Reached skill level 5 in Short Blades
  1850 | D:3      | Reached skill level 7 in Stealth
  1850 | D:3      | Reached XP level 5. HP: 25/38 MP: 5/5
  2038 | D:3      | Slain by an orc

Action                   |  1- 3 |  4- 6 || total
-------------------------+-------+-------++-------
Melee: Dagger            |   113 |    76 ||   189
  Use: Scroll            |       |     2 ||     2
       Potion            |       |     1 ||     1
 Stab: Sleeping          |    12 |    10 ||    22
